 Dungeon Crawl Stone Soup version 0.27-a0-1325-g58a489ad9e (webtiles) character file.

Game seed: 9930377914204016272

53081 Snarg the Blocker (level 15, -1/95 HPs)
             Began as a Djinni Wanderer on June 22, 2021.
             Was a Plaything of Xom.
             Killed from afar by a shock serpent (12 damage)
             ... with a bolt of electricity
             ... on level 1 of the Snake Pit on June 24, 2021.
             The game lasted 03:24:36 (26679 turns).

Snarg the Blocker (Djinni Wanderer)                Turns: 26679, Time: 03:24:38

Health: -1/95      AC: 16    Str: 19 (22) XL:     15   Next: 8%
Gold:   1528       EV: 13    Int: 18 (20) God:    Xom [..*...] SH: 15 Dex:  8 (11)

rFire    + + +     SeeInvis .   b - staff of conjuration
rCold    x . .     Faith    .   c - +3 kite shield
rNeg     . . .     Spirit   .   Q - +2 acid dragon scales
rPois    ∞         Reflect  .   D - +0 helmet
rElec    .         Harm     .   f - +2 cloak {rF+}
rCorr    +         Rampage  .   E - +2 pair of gloves {Str+3}
Will     ++...                  (boots unavailable)
Stlth    ++........             s - amulet of regeneration
HPRegen  1.25/turn              q - ring of willpower
MPRegen  0.00/turn              N - +6 ring of strength

@: flying
A: sickness immunity, fire resistance 2, cold vulnerability 1, float, innate
caster, hp casting, extra vitality 1, deterioration 2, frail 1, screaming 1,
MP-powered wands
a: Renounce Religion


You were on level 1 of the Snake Pit.
You worshipped Xom.
You were a toy of Xom.
You visited 4 branches of the dungeon, and saw 19 of its levels.
You also visited: Volcano.

You collected 1617 gold pieces.
You spent 89 gold pieces at shops.

Inventory:

Hand Weapons
 a - a +4 short sword of chaos
 e - a +2 dagger of electrocution
 h - a +3 scimitar of holy wrath
Missiles
 k - 80 poisoned darts
 r - 6 silver javelins
 t - 6 javelins
 u - a curare-tipped dart
 v - 3 atropa-tipped darts
 C - 28 boomerangs
 S - 2 boomerangs of dispersal
Armour
 c - a +3 kite shield (worn)
 f - a +2 cloak of fire resistance (worn)
 D - a +0 helmet (worn)
 E - a +2 pair of gloves of strength (worn)
 Q - +2 acid dragon scales (worn)
Magical Staves
 b - a staff of conjuration (weapon)
 I - a staff of cold
Jewellery
 n - a ring of ice
 q - a ring of willpower (left hand)
 s - an amulet of regeneration (around neck)
 y - a +4 ring of evasion
 N - a +6 ring of strength (right hand)
 W - an amulet of faith
Wands
 G - a wand of paralysis (18)
 H - a wand of iceblast (9)
 L - a wand of polymorph (15)
 M - a wand of flame (10)
 X - a wand of digging (10)
 Y - a wand of acid (6)
Scrolls
 m - 2 scrolls of immolation
 p - 8 scrolls of teleportation
 w - a scroll of magic mapping
 B - 2 scrolls of summoning {unknown}
 O - 2 scrolls of identify
 R - a scroll of brand weapon {unknown}
 U - a scroll of fog
Potions
 d - a potion of cancellation
 g - 4 potions of brilliance
 i - 5 potions of lignification
 j - 4 potions of haste
 l - a potion of resistance
 o - 4 potions of might
 x - 2 potions of attraction
 z - a potion of heal wounds
 A - a potion of magic
 F - 4 potions of curing
 K - 4 potions of berserk rage
Miscellaneous
 J - a phial of floods
 P - a condenser vane (inert)


   Skills:
 * Level 9.6 Fighting
 - Level 2.1 Short Blades
 * Level 7.9 Staves
 - Level 0.7 Throwing
 - Level 4.0 Armour
 * Level 11.4 Dodging
 + Level 4.3 Stealth
 + Level 12.3 Shields
 - Level 11.0 Spellcasting
 - Level 7.0 Evocations


You had 3 spell levels left.
You knew the following spells:

 Your Spells              Type           Power      Damage    Failure   Level
a - Foxfire               Conj/Fire      100%       2x1d9     1%          1
b - Conjure Flame         Conj/Fire      65%        6-21      1%          3
c - Call Canine Familiar  Summ           49%        N/A       1%          3
d - Summon Small Mammal   Summ           100%       N/A       1%          1
e - Magic Dart            Conj           100%       1d8       1%          1
f - Ensorcelled Hibernat  Hex/Ice        98%        N/A       1%          2
g - Vampiric Draining     Necr           24%        2d9       1%          3
h - Summon Ice Beast      Ice/Summ       49%        N/A       1%          4
i - Animate Dead          Necr           24%        N/A       1%          4
j - Yara's Violent Unrav  Hex/Tmut       24%        3d11      4%          5
k - Simulacrum            Ice/Necr       24%        N/A       22%         6

Your spell library contained the following spells:

 Spells                   Type           Power      Damage    Failure   Level


Dungeon Overview and Level Annotations

Branches:
Dungeon (11/15)            Temple (1/1) D:5            Lair (6/6) D:8
  Swamp (0/4) Lair:4        Snake (1/4) Lair:2        Slime (0/5) Lair:5
    Orc (0/2) D:9         Volcano (visited)

Altars:
Ashenzari
Cheibriados
Dithmenos
Elyvilon
Fedhas
Gozag
Hepliaklqana
Kikubaaqudgha
Makhleb
Nemelex Xobeh
Okawaru
Qazlal
Ru
Sif Muna
Trog
Uskayaw
Vehumet
Wu Jian
Xom
Yredelemnul
Zin
The Shining One

Shops:
D:3 =*[?   D:4 *=(

Annotations:
D:1 clr
D:2 clr
D:3 clr
D:4 clr
D:5 clr
D:6 clr
D:7 clr
D:8 clr
D:9 clr
D:10 clr
D:11 clr
Lair:1 clr
Lair:2 clr, exclusion: oklob plant
Lair:3 clr
Lair:4 clr
Lair:5 exclusion: 3 oklob plants
Lair:6 clr


Innate Abilities, Weirdness & Mutations

You are immune to sickness and miasma.
You are immune to poison.
Your flesh is very heat resistant. (rF++)
You are vulnerable to cold. (rC-)
You float through the air rather than walking.
You learn spells naturally, not from books.
Your magical power is your life essence.
You have superior vitality. (+4 HP)
Your body often deteriorates upon taking damage.
You are frail. (-10% HP)
You occasionally shout uncontrollably at your foes.
You expend health (3 HP) to strengthen your wands.


Message History

A shock serpent comes into view.
The shock serpent hisses angrily.
The shock serpent moves out of view.
Unknown command.
Okay, then.
Unknown command.
Unknown command.
Unknown command.
Unknown command.
A shock serpent is nearby!
Casting: Vampiric Draining (safe; 1% risk of failure)
Confirm with . or Enter, or press ? or * to list all spells.
A chill wind blows around you. The shock serpent bites your ice beast!
The shock serpent shocks your ice beast!
Casting: Summon Ice Beast (mildly dangerous; 1% risk of failure)
Confirm with . or Enter, or press ? or * to list all spells.
A chill wind blows around you.
The shock serpent closely misses your ice beast.
Your ice beast barely misses the shock serpent.
Unknown command.
The shock serpent shoots out a bolt of lightning at you!
The bolt of electricity hits your ice beast!!
Your ice beast dies!
The bolt of electricity hits you!!
Your body deteriorates!
You feel dopey.
The bolt of electricity hits your ice beast!!
The shock serpent shoots out a bolt of lightning at you!
The bolt of electricity hits you!!
Your body deteriorates!
You feel clumsy.
The bolt of electricity hits your ice beast!
Your ice beast dies!
You are too injured to fight recklessly!
The shock serpent bites you. The shock serpent shocks you!
The shock serpent shoots out a bolt of lightning at you!
The bolt of electricity hits you!!
* * * LOW HITPOINT WARNING * * *
Your body deteriorates!
You feel dopey. The bolt of electricity hits you!
You die...
Xom thinks this is hilarious!

### #.## #####.##
#### ### #.#
##.## #...###.#
#.# ##.##
#.......# #.##
##.### #.......#
##.####.....
#....@.##
##....##...
#....S..##
########..
##..###..## ##..
#.. ##..## ##.##
#.} ##..## ##.##
.... ##..## ##.##
#... ##..###.##
#### ##......##
#..........######


You could see a shock serpent.

Vanquished Creatures
  3 hydras
  Fannar (D:10)
  Urug (D:11)
  A two-headed ogre (D:8)
  A naga sharpshooter (Snake:1)
  A naga ritualist (Snake:1)
  2 mana vipers (Snake:1)
  An orc sorcerer (Volcano)
  An elephant (Lair:5)
  10 black mambas
  Joseph (D:9)
  3 naga magi (Snake:1)
  A hornet (D:8)
  A smoke demon (Volcano)
  10 cane toads
  A rime drake (Lair:2)
  5 komodo dragons
  A freezing wraith (D:10)
  3 trolls (D:9)
  A tyrant leech (Lair:6)
  8 blink frogs
  Sigmund (D:6)
  A wraith (D:11)
  A shadow (D:11)
  23 yaks
  A wyvern (D:9)
  4 basilisks
  A vampire mosquito (Lair:6)
  Edmund (D:5)
  7 nagas
  A steam dragon (D:9)
  2 swamp worms (Lair:4)
  9 water moccasins
  6 orc warriors
  A black bear (D:6)
  A necrophage (D:3)
  3 ogres
  4 wolves
  4 centaurs
  15 bullfrogs
  3 kobold brigands
  2 gnoll sergeants
  A scorpion (D:5)
  2 wyvern skeletons (D:5)
  A water moccasin skeleton (D:4)
  3 killer bees (D:9)
  8 wights
  2 howler monkeys (D:10)
  An electric eel (Lair:6)
  A bullfrog zombie (D:5)
  A centaur zombie (D:8)
  A hound (D:5)
  A gnoll shaman (D:6)
  2 orc priests
  4 iguanas
  A jelly (D:6)
  7 orc wizards
  A scorpion zombie (D:5)
  3 howler monkey zombies
  A howler monkey skeleton (D:4)
  23 gnolls
  5 adders
  4 white imps
  3 ufetubi
  A worm (D:3)
  4 dart slugs
  28 orcs
  13 ball pythons
  13 bats
  12 endoplasms
  3 giant cockroaches
  9 goblins
  5 hobgoblins
  5 jackals
  3 quokkas
  3 frilled lizards
  42 kobolds
  13 rats
378 creatures vanquished.

Vanquished Creatures (collateral kills)
  8 hydras
  An ice dragon (Lair:6)
  A naga warrior (Snake:1)
  2 catoblepae
  A death knight (D:10)
  2 anacondas (Snake:1)
  A two-headed ogre (D:10)
  2 naga sharpshooters (Snake:1)
  Sonja (Lair:2)
  A harpy (Lair:5)
  A lindwurm (Lair:6)
  2 mana vipers (Snake:1)
  3 ugly things
  6 elephants
  2 naga magi (Snake:1)
  A molten gargoyle (Lair:6)
  3 centaur zombies
  7 black mambas
  Maggie (D:7)
  An eye of devastation (Lair:5)
  13 cane toads
  A freezing wraith (D:10)
  4 komodo dragons
  A kobold demonologist (D:11)
  2 polar bears
  4 tyrant leeches
  5 blink frogs
  29 yaks
  4 wyverns
  A basilisk (Lair:6)
  A golden eye (Lair:5)
  12 vampire mosquitoes
  9 nagas
  12 water moccasins
  A floating eye (Lair:5)
  2 hell hounds (Volcano)
  A sky beast (D:7)
  A black bear (Lair:2)
  15 wolves
  2 kobold brigands (D:9)
  11 bullfrogs
  A scorpion (D:9)
  A wight (D:7)
  A howler monkey (D:10)
  5 orc priests
  A centaur skeleton (D:7)
  2 orc wizards
  A nameless horror (Lair:6)
  2 gnolls (D:9)
  6 orcs
  4 kobolds
  14 foxfires
216 creatures vanquished.

Vanquished Creatures (others)
  A spriggan (D:8)
  A bullfrog (Lair:3)
  A jelly (D:8)
  1724 foxfires
  54 fungi
  108 plants
1889 creatures vanquished.

Grand Total: 2483 creatures vanquished

Notes
Turn   | Place    | Note
-------+----------+-------------------------------------------
     0 | D:1      | Snarg the Djinni Wanderer began the quest for the Orb.
     0 | D:1      | Reached XP level 1. HP: 15/15 MP: 0/0
   117 | D:1      | Reached skill level 1 in Fighting
   164 | D:1      | Reached XP level 2. HP: 19/22 MP: 0/0
   230 | D:1      | Found a faded altar of an unknown god.
   231 | D:1      | Noticed a golden eye
   232 | D:1      | Noticed a golden eye
   236 | D:1      | Noticed a great orb of eyes
   236 | D:1      | Noticed a shining eye
   250 | D:1      | Became a worshipper of Xom of Chaos
   445 | D:1      | Reached XP level 3. HP: 26/27 MP: 0/0
   445 | D:1      | Learned a level 1 spell: Magic Dart
  1279 | D:2      | Reached XP level 4. HP: 29/33 MP: 0/0
  1412 | D:2      | You are sucked into a shaft and drop 1 floor!
  1421 | D:3      | Found Otzuixiwn's Jewellery Shop.
  1432 | D:3      | Noticed a necrophage
  1440 | D:3      | Killed a necrophage
  1441 | D:3      | Reached XP level 5. HP: 35/39 MP: 0/0
  1441 | D:3      | Learned a level 2 spell: Ensorcelled Hibernation
  1456 | D:3      | Found Qoextakk's Assorted Antiques.
  1485 | D:3      | Bought a scroll labelled ARCHIH UX CIUDD for 24 gold pieces
  2057 | D:2      | XOM: scenery: summon butterflies
  2160 | D:2      | XOM: 4-stop teleportation journey
  2312 | D:2      | XOM: noise
  2634 | D:3      | Found Xiyhy's Armour Boutique.
  2634 | D:3      | XOM: 10-stop teleportation journey
  2732 | D:3      | XOM: potion effect (brilliance)
  2931 | D:2      | Reached skill level 1 in Dodging
  2931 | D:2      | Reached XP level 6. HP: 23/45 MP: 0/0
  3041 | D:2      | XOM: draining
  3232 | D:3      | XOM: 2-stop teleportation journey
  3390 | D:3      | Found Eturum's Magic Scroll Emporium.
  3400 | D:3      | Bought a scroll of identify for 26 gold pieces
  3400 | D:3      | Bought a scroll of teleportation for 39 gold pieces
  3858 | D:3      | XOM: give mutation
  3858 | D:3      | Gained mutation: You do not regenerate when monsters are
                  | visible. [Xom's mischief]
  4059 | D:4      | Noticed a water moccasin
  4062 | D:4      | XOM: scenery: create altars
  4064 | D:4      | Killed a water moccasin
  4065 | D:4      | Reached skill level 1 in Stealth
  4065 | D:4      | Reached XP level 7. HP: 41/50 MP: 0/0
  4065 | D:4      | Learned a level 3 spell: Vampiric Draining
  4145 | D:4      | Found Keicurgh's Jewellery Shoppe.
  4157 | D:4      | XOM: 6-stop teleportation journey
  4165 | D:4      | XOM: give mutation
  4165 | D:4      | Gained mutation: You are agile. (Dex +2) [Xom's grace]
  4200 | D:4      | Found Paron's Weapon Shop.
  4245 | D:4      | Reached skill level 1 in Armour
  4357 | D:3      | XOM: scenery: summon butterflies
  4490 | D:4      | Found Bynoypyh's Assorted Antiques.
  4761 | D:4      | XOM: god gift: staff of conjuration
  5267 | D:4      | XOM: 7-stop teleportation journey
  5465 | D:4      | XOM: summons 4 hostile demons
  5466 | D:4      | XOM: smoke on damage
  5829 | D:4      | Reached XP level 8. HP: 49/56 MP: 0/0
  6009 | D:3      | XOM: give mutations
  6009 | D:3      | Gained mutation: Your muscles are strong. (Str +2) [Xom's
                  | grace]
  6009 | D:3      | Gained mutation: You are robust. (+10% HP) [Xom's grace]
  6129 | D:4      | Reached skill level 3 in Shields
  6425 | D:4      | Identified the +0 ring mail of the Vacuum {Dex+3} (Xom
                  | gifted it to you on level 4 of the Dungeon)
  6425 | D:4      | XOM: god gift: +0 ring mail of the Vacuum {Dex+3}
  6524 | D:5      | Entered Level 5 of the Dungeon
  6535 | D:5      | Reached skill level 1 in Short Blades
  6650 | D:5      | Found a staircase to the Ecumenical Temple.
  6685 | Temple   | Entered the Ecumenical Temple
  7150 | D:5      | XOM: summons 1 hostile demon
  7250 | D:5      | Noticed Edmund
  7269 | D:5      | XOM: swap monsters
  7270 | D:5      | XOM: enchant monster (good)
  7282 | D:5      | Killed Edmund
  7473 | D:5      | Reached skill level 4 in Shields
  7760 | D:6      | Reached XP level 9. HP: 63/68 MP: 0/0
  7760 | D:6      | Learned a level 4 spell: Summon Ice Beast
  7878 | D:5      | XOM: noise
  8143 | D:6      | Found a stormy altar of Qazlal.
  8169 | D:6      | XOM: potion effect (haste)
  8511 | D:6      | XOM: cloud trail
  8706 | D:6      | Noticed Sigmund
  8712 | D:6      | Killed Sigmund
  9271 | D:7      | Upgraded the game from 0.27-a0-1319-geec4fb4e21 to
                  | 0.27-a0-1322-gfdffb62a71
  9285 | D:7      | XOM: divination: detect items
  9373 | D:7      | Noticed Maggie
  9377 | D:7      | XOM: scenery: summon butterflies
  9397 | D:7      | Killed Maggie
  9405 | D:7      | XOM: 4-stop teleportation journey
  9560 | D:7      | XOM: give mutations
  9560 | D:7      | Lost mutation: You are agile. (Dex +2) [Xom's mischief]
  9560 | D:7      | Gained mutation: You are clumsy. (Dex -2) [Xom's mischief]
  9560 | D:7      | Gained mutation: You possess an exceptional clarity of
                  | mind. [Xom's mischief]
  9731 | D:7      | XOM: give mutations
  9731 | D:7      | Lost mutation: Your muscles are strong. (Str +2) [Xom's
                  | mischief]
  9731 | D:7      | Gained mutation: Armour fits poorly on your strangely
                  | shaped body. [Xom's mischief]
  9731 | D:7      | Lost mutation: You are clumsy. (Dex -2) [Xom's mischief]
 10057 | D:7      | Reached skill level 5 in Shields
 10137 | D:7      | XOM: draining
 10265 | D:7      | XOM: chaos upgrade
 10302 | D:7      | Reached skill level 5 in Dodging
 10302 | D:7      | Reached skill level 1 in Evocations
 10628 | D:8      | XOM: noise
 10634 | D:8      | You are sucked into a shaft and drop 3 floors!
 10639 | D:11     | Noticed Urug
 10641 | D:11     | Noticed a kobold demonologist
 10641 | D:11     | XOM: chaos upgrade
 10684 | D:10     | Entered Level 10 of the Dungeon
 10759 | D:10     | XOM: 2-stop teleportation journey
 10894 | D:10     | Reached skill level 1 in Staves
 10894 | D:10     | Reached XP level 10. HP: 54/70 MP: 0/0
 10992 | D:9      | XOM: stealth player
 10992 | D:9      | Noticed Joseph
 11223 | D:8      | XOM: enchant monster (bad)
 11234 | D:7      | Reached skill level 5 in Fighting
 11414 | D:7      | XOM: divination: magic mapping
 11417 | D:7      | XOM: noise
 11504 | D:7      | XOM: draining
 12004 | D:8      | XOM: blink monster(s)
 12009 | D:8      | XOM: swap monsters
 12057 | D:9      | XOM: 4-stop teleportation journey
 12148 | D:9      | XOM: give mutations
 12148 | D:9      | Gained mutation: Your body sometimes deteriorates upon
                  | taking damage. [Xom's mischief]
 12148 | D:9      | Lost mutation: You possess an exceptional clarity of mind.
                  | [Xom's mischief]
 12148 | D:9      | Gained mutation: Your body often deteriorates upon taking
                  | damage. [Xom's mischief]
 12239 | D:9      | XOM: noise
 12246 | D:9      | XOM: enchant monster (bad)
 12253 | D:9      | XOM: polymorph yak -> polar bear
 12257 | D:9      | XOM: noise
 12261 | D:9      | XOM: noise
 12319 | D:9      | XOM: cast spell 'Death Channel'
 12320 | D:9      | XOM: confuse monster(s)
 12329 | D:9      | Reached skill level 6 in Shields
 12384 | D:9      | XOM: potion effect (invisibility)
 12415 | D:9      | XOM: 1-stop teleportation journey
 12416 | D:9      | Noticed a two-headed ogre
 12431 | D:8      | XOM: polymorph yak -> spriggan
 12435 | D:8      | XOM: silly message
 12437 | D:8      | XOM: silly message
 12453 | D:8      | HP: 1/78 [hornet (9)]
 12460 | D:8      | Killed a hornet
 12468 | D:8      | XOM: silly message
 12663 | D:7      | XOM: give mutations
 12663 | D:7      | Lost mutation: Your body often deteriorates upon taking
                  | damage. [Xom's mischief]
 12663 | D:7      | Lost mutation: You are robust. (+10% HP) [Xom's mischief]
 12663 | D:7      | Gained mutation: You are dopey. (Int -2) [Xom's mischief]
 12665 | D:7      | XOM: summons 1 hostile demon
 12767 | D:8      | XOM: blink monster(s)
 12874 | D:8      | XOM: god gift: scroll of amnesia
 12952 | D:8      | XOM: blink monster(s)
 13009 | D:8      | XOM: confusion
 13555 | D:8      | Found a staircase to the Lair.
 13555 | D:8      | XOM: 1-stop teleportation journey
 13564 | Lair:1   | Entered Level 1 of the Lair of Beasts
 13776 | D:7      | XOM: summons 1 hostile shadow creature
 13942 | D:8      | XOM: chaos cloud
 13969 | D:9      | XOM: noise
 14088 | Lair:1   | Noticed a komodo dragon
 14089 | Lair:1   | Noticed a cane toad
 14102 | Lair:1   | XOM: repel stairs
 14102 | Lair:1   | XOM: smoke on damage
 14107 | Lair:1   | XOM: swap monsters
 14108 | Lair:1   | Noticed a komodo dragon
 14109 | Lair:1   | Noticed a cane toad
 14110 | Lair:1   | XOM: polymorph ice beast -> golden eye
 14111 | Lair:1   | Killed a komodo dragon
 14112 | Lair:1   | Reached XP level 11. HP: 45/76 MP: 0/0
 14112 | Lair:1   | Learned a level 4 spell: Animate Dead
 14113 | Lair:1   | Reached skill level 7 in Shields
 14410 | Lair:1   | XOM: summons friendly crimson imp
 14641 | Lair:1   | XOM: god gift: tiny amethyst amulet {god gift}
 14883 | Lair:1   | XOM: cleaving
 14887 | Lair:1   | Reached skill level 5 in Evocations
 14902 | Lair:1   | XOM: cloud trail
 15147 | Lair:1   | XOM: cloud trail
 15304 | Lair:2   | XOM: god gift: wand of paralysis (3)
 15352 | Lair:2   | Found a dark tunnel.
 15353 | Lair:2   | Noticed an elephant
 15353 | Lair:2   | Noticed an elephant
 15355 | Lair:2   | Noticed an elephant
 15357 | Volcano  | Entered a volcano
 15378 | Volcano  | Noticed an orc sorcerer
 15390 | Volcano  | Killed an orc sorcerer
 15450 | Volcano  | Noticed a red ugly thing
 15461 | Volcano  | Killed a red ugly thing
 15531 | Volcano  | Noticed a red ugly thing
 15542 | Volcano  | Killed a green ugly thing
 15663 | Lair:2   | XOM: summons friendly crimson imp
 15666 | Lair:2   | Noticed an elephant
 15671 | Lair:2   | XOM: cleaving
 15673 | Lair:2   | XOM: potion effect (invisibility)
 15682 | Lair:2   | XOM: summons 8 friendly demons
 15688 | Lair:2   | XOM: enchant monster (good)
 15690 | Lair:2   | Killed an elephant
 15696 | Lair:2   | Killed an elephant
 15697 | Lair:2   | Reached skill level 10 in Spellcasting
 15703 | Lair:2   | Killed an elephant
 15707 | Lair:2   | Killed an elephant
 15796 | Lair:2   | Found a staircase to the Snake Pit.
 15808 | Lair:2   | XOM: confuse monster(s)
 15833 | Lair:2   | XOM: enchant monster (good)
 15875 | Lair:1   | XOM: stat loss: -1 Int (14/15)
 15991 | Lair:2   | Reached skill level 5 in Staves
 16056 | Lair:2   | XOM: potion effect (invisibility)
 16196 | Lair:2   | XOM: silly message
 16272 | Lair:2   | Reached XP level 12. HP: 79/85 MP: 0/0
 16380 | Lair:2   | XOM: silly message
 16546 | Lair:2   | XOM: potion effect (berserk rage)
 16598 | Lair:2   | Noticed Sonja
 16599 | Lair:2   | Noticed a seven-headed hydra
 16606 | Lair:2   | Killed Sonja
 16608 | Lair:2   | Killed a seven-headed hydra
 16609 | Lair:2   | Reached skill level 8 in Shields
 16843 | Lair:3   | Upgraded the game from 0.27-a0-1322-gfdffb62a71 to
                  | 0.27-a0-1324-ge0d8e047f6
 16852 | Lair:3   | Noticed a catoblepas
 16879 | Lair:3   | Killed a catoblepas
 17039 | Lair:3   | XOM: summons 5 hostile demons
 17264 | Lair:3   | Noticed a four-headed hydra
 17274 | Lair:3   | Killed a four-headed hydra
 17291 | Lair:3   | XOM: silly message
 17599 | Lair:3   | XOM: silly message
 17860 | Lair:4   | Noticed a four-headed hydra
 17866 | Lair:4   | Killed a four-headed hydra
 18026 | Lair:4   | Noticed a catoblepas
 18026 | Lair:4   | XOM: cast spell 'Summon Small Mammal'
 18038 | Lair:4   | XOM: silly message
 18055 | Lair:4   | Killed a catoblepas
 18131 | Lair:4   | XOM: divination: detect items
 18136 | Lair:4   | Reached skill level 9 in Shields
 18152 | Lair:4   | XOM: noise
 18373 | Lair:4   | XOM: swap monsters
 18582 | Lair:4   | You are sucked into a shaft and drop 2 floors!
 18582 | Lair:6   | Entered Level 6 of the Lair of Beasts
 18599 | Lair:6   | XOM: enchant monster (bad)
 18622 | Lair:5   | XOM: 1-stop teleportation journey
 18623 | Lair:5   | Noticed a five-headed hydra
 18651 | Lair:5   | XOM: 2-stop teleportation journey
 18652 | Lair:5   | Noticed an eight-headed hydra
 18653 | Lair:5   | XOM: divination: magic mapping
 18657 | Lair:5   | Killed an eight-headed hydra
 18711 | Lair:5   | XOM: cast spell 'Death Channel'
 18725 | Lair:5   | XOM: snakes to sticks
 18746 | Lair:5   | XOM: silly message
 18907 | Lair:4   | Found a staircase to the Swamp.
 18978 | Lair:4   | Reached XP level 13. HP: 82/93 MP: 0/0
 18978 | Lair:4   | Learned a level 5 spell: Yara's Violent Unravelling
 19245 | Lair:5   | Noticed a four-headed hydra
 19253 | Lair:5   | XOM: cast spell 'Discord'
 19257 | Lair:5   | Killed a four-headed hydra
 19280 | Lair:5   | Noticed a four-headed hydra
 19289 | Lair:5   | Killed a four-headed hydra
 19301 | Lair:5   | XOM: give mutations
 19301 | Lair:5   | Lost mutation: You are dopey. (Int -2) [Xom's mischief]
 19301 | Lair:5   | Gained mutation: You are frail. (-10% HP) [Xom's mischief]
 19301 | Lair:5   | Gained mutation: You occasionally shout uncontrollably at
                  | your foes. [Xom's mischief]
 19301 | Lair:5   | Gained mutation: You expend health (3 HP) to strengthen
                  | your wands. [Xom's mischief]
 19351 | Lair:5   | Found a staircase to the Slime Pits.
 19364 | Lair:5   | HP: 3/84 [disintegration (35)]
 19464 | Lair:5   | Paralysed by a floating eye for 2 turns
 19494 | Lair:5   | Killed a five-headed hydra
 19522 | Lair:5   | XOM: polymorph fire crab -> harpy
 19674 | Lair:5   | Reached skill level 10 in Shields
 20105 | Lair:4   | XOM: scenery: 1 fountains blood, 1 doors open, 1 doors
                  | close
 20144 | Lair:6   | XOM: polymorph yak -> golden eye
 20208 | Lair:6   | XOM: divination: detect items
 20223 | Lair:6   | Noticed an eight-headed hydra
 20228 | Lair:6   | Killed an eight-headed hydra
 20237 | Lair:6   | XOM: divination: magic mapping
 20239 | Lair:6   | XOM: cast spell 'Summon Small Mammal'
 20312 | Lair:6   | Noticed an eight-headed hydra
 20313 | Lair:6   | XOM: enchant monster (bad)
 20318 | Lair:6   | Killed an eight-headed hydra
 20339 | Lair:6   | XOM: 1-stop teleportation journey
 20433 | Lair:6   | XOM: divination: detect items
 20467 | Lair:5   | XOM: enchant monster (bad)
 20470 | Lair:5   | XOM: summons 2 friendly demons
 20592 | Lair:6   | Noticed an ice dragon
 20718 | Lair:6   | Noticed an eight-headed hydra
 20723 | Lair:6   | XOM: summons friendly ufetubus
 20733 | Lair:6   | Killed an eight-headed hydra
 20749 | Lair:6   | XOM: potion effect (heal wounds)
 20786 | Lair:6   | XOM: divination: detect items
 20921 | Lair:6   | Noticed a five-headed hydra
 21064 | Lair:6   | Killed a five-headed hydra
 21183 | Lair:6   | Reached XP level 14. HP: 81/90 MP: 0/0
 21404 | Lair:6   | XOM: cast spell 'Cause Fear'
 21406 | Lair:6   | XOM: silly message
 21758 | Lair:6   | Reached skill level 11 in Shields
 21834 | Lair:6   | XOM: cloud trail
 22003 | Lair:6   | XOM: enchant monster (good)
 22177 | Lair:6   | XOM: summons 3 hostile shadow creatures
 22476 | D:9      | XOM: give mutations
 22476 | D:9      | Gained mutation: Your body often deteriorates upon taking
                  | damage. [Xom's mischief]
 22476 | D:9      | Gained mutation: You are dopey. (Int -2) [Xom's mischief]
 22645 | D:9      | Found a staircase to the Orcish Mines.
 22655 | D:9      | XOM: polymorph kobold brigand -> water moccasin
 22693 | D:9      | XOM: smoke on damage
 23135 | D:9      | Found a white marble altar of Elyvilon.
 23159 | D:9      | Killed Joseph
 23236 | D:9      | XOM: noise
 23324 | D:9      | XOM: swap monsters
 23468 | D:9      | XOM: give mutations
 23468 | D:9      | Lost mutation: Armour fits poorly on your strangely shaped
                  | body. [Xom's mischief]
 23468 | D:9      | Lost mutation: You are dopey. (Int -2) [Xom's mischief]
 23468 | D:9      | Lost mutation: You do not regenerate when monsters are
                  | visible. [Xom's mischief]
 23545 | D:10     | Noticed Fannar
 23548 | D:10     | XOM: butterfly on damage
 23559 | D:10     | HP: 2/90 [something/refrigeration (42)]
 23577 | D:10     | Killed Fannar
 23578 | D:10     | Reached skill level 10 in Dodging
 23661 | D:10     | XOM: divination: magic mapping
 23970 | D:10     | XOM: silly message
 24248 | D:10     | XOM: enchant monster (good)
 24454 | D:11     | XOM: cast spell 'Leda's Liquefaction'
 24455 | D:11     | XOM: enchant monster (good)
 24464 | D:11     | Killed Urug
 24566 | D:10     | XOM: divination: magic mapping
 24615 | D:10     | XOM: silly message
 25064 | D:11     | XOM: silly message
 25454 | Snake:1  | Entered Level 1 of the Snake Pit
 25465 | Snake:1  | XOM: potion effect (curing)
 25531 | Snake:1  | XOM: summons friendly shadow imp
 25693 | Snake:1  | Upgraded the game from 0.27-a0-1324-ge0d8e047f6 to
                  | 0.27-a0-1325-g58a489ad9e
 25729 | Snake:1  | XOM: silly message
 25869 | Snake:1  | XOM: fog
 25883 | Snake:1  | Reached skill level 12 in Shields
 25945 | Snake:1  | XOM: cloud trail
 26000 | Snake:1  | Found a sacrificial altar of Ru.
 26048 | Snake:1  | XOM: potion effect (brilliance)
 26091 | Snake:1  | Reached XP level 15. HP: 89/95 MP: 0/0
 26091 | Snake:1  | Learned a level 6 spell: Simulacrum
 26427 | Snake:1  | XOM: silly message
 26432 | Snake:1  | XOM: 1-stop teleportation journey
 26584 | Snake:1  | XOM: divination: detect creatures
 26679 | Snake:1  | Killed from afar by a shock serpent

Illustrated notes

Levels and vault maps discovered:
D:1:      minmay_arrival_three_doors, layout_rooms,
          hellmonk_ecumenical_altar_watching_god, minmay_rat_gold_closets
D:2:      layout_loops_ring
D:3:      minmay_spotlight, layout_loops_cross, serial_shops, shop_statue,
          nicolae_diamond_shop, nicolae_square_shop, nicolae_square_shop
D:4:      minmay_goblin_kobold_castle, layout_loops_ring, serial_shops,
          shop_statue, kennysheep_little_box, shop_statue
D:5:      layout_gridville, minmay_temple_entry_wispy,
          kennysheep_generic_room_5, uniq_edmund
D:6:      layout_cave_pods, old_standard_altar, uniq_sigmund
D:7:      layout_loops_ring, uniq_maggie
D:8:      layout_rooms, minmay_lair_entry_grove
D:9:      layout_long_grid, general_overflow_altar,
          kennysheep_orc_monster_closet_entryway,
          chequers_serial_rivers_micro_e, minmay_misc_feat_x, uniq_joseph
D:10:     layout_irregular_city, uniq_fannar
D:11:     layout_basic, mrwooster_statue_mirror, uniq_urug
Temple:   regret_index_temple_chain_breaker
Lair:1:   layout_misc_corridors
Lair:2:   layout_gridlike, guppyfry_snake_entry_island, enter_volcano_1,
          minmay_lair_oklob_bushes, grunt_megastairs_4, uniq_sonja
Lair:3:   layout_loops_ring
Lair:4:   layout_loops_ring, minmay_swamp_entry_worms, grunt_megastairs_1,
          uniq_rupert
Lair:5:   layout_regular_city, minmay_slime_entry_eyes,
          minmay_lair_oklob_chamber
Lair:6:   minmay_lair_end_frog_pond, layout_gridlike,
          grunt_forest_small_clearings, bobbens_ice_dragon_lair,
          serial_bayou_shore_b
Snake:1:  layout_layer_cave, basic_altar

Skill      XL: |  1  2  3  4  5  6  7  8  9 10 11 12 13 14 |
---------------+-------------------------------------------+-----
Fighting       | 1 2 3 4 6 7 8 9 |  9.6
Spellcasting   | 7 8 9 10 11 | 11.0
Dodging        | 1 2 4 5 6 9 11 | 11.4
Stealth        | 1 2 3 4 |  4.3
Armour         | 1 3 4 |  4.0
Shields        | 4 5 6 7 9 10 12 | 12.3
Short Blades   | 1 2 |  2.1
Evocations     | 1 4 5 6 7 |  7.0
Staves         | 1 3 5 6 7 |  7.9
Throwing       | |  0.7

Action                   |  1- 3 |  4- 6 |  7- 9 | 10-12 | 13-15 || total
-------------------------+-------+-------+-------+-------+-------++-------
Melee: Club              |    17 |       |       |       |     9 ||    26
       Short sword       |       |    30 |     2 |       |       ||    32
       Dagger            |       |       |    39 |     5 |    23 ||    67
       Staff             |       |       |    32 |   224 |   401 ||   657
       Scimitar          |       |       |     1 |       |       ||     1
Throw: Dart              |       |       |     3 |    16 |     6 ||    25
       Javelin           |       |       |       |     1 |     1 ||     2
 Cast: Foxfire           |    57 |    88 |   279 |   233 |   360 ||  1017
       Ensorcelled Hiber |       |     3 |     1 |    21 |    12 ||    37
       Call Canine Famil |       |     2 |    17 |    11 |     7 ||    37
       Conjure Flame     |       |     1 |     6 |     9 |     4 ||    20
       Summon Small Mamm |       |       |     6 |       |       ||     6
       Vampiric Draining |       |       |    11 |    21 |    56 ||    88
       Magic Dart        |       |       |    15 |    35 |    11 ||    61
       Summon Ice Beast  |       |       |     5 |   104 |   111 ||   220
       Animate Dead      |       |       |       |    20 |    48 ||    68
       Yara's Violent Un |       |       |       |       |    10 ||    10
Evoke: Wand              |       |       |     5 |    22 |    17 ||    44
       Condenser vane    |       |       |       |     1 |     3 ||     4
       Phial of floods   |       |       |       |     1 |     1 ||     2
  Use: Scroll            |       |     9 |     2 |    18 |     3 ||    32
       Potion            |       |       |     5 |     5 |     6 ||    16
 Stab: Sleeping          |       |     2 |       |     1 |     2 ||     5
       Petrified         |       |       |     6 |       |       ||     6
       Paralysed         |       |       |       |     2 |       ||     2
       Invisible         |       |       |       |     2 |       ||     2
       Distracted        |       |       |       |     1 |     5 ||     6
       Confused          |       |       |       |       |     1 ||     1
Armor: Robe              |     6 |     7 |    26 |       |       ||    39
       Skin              |       |       |     9 |       |       ||     9
       Ring mail         |       |       |    21 |       |       ||    21
       Acid dragon scale |       |       |     4 |    82 |   143 ||   229
Dodge: Dodged            |    15 |     8 |    76 |   139 |   358 ||   596
Block: Kite shield       |    16 |    16 |   107 |   249 |   527 ||   915

Table legend: (Time is in decaauts)
 A = Elapsed time spent in this place.
 B = Non-inter-level travel time spent in this place.
 C = Inter-level travel time spent in this place.
 D = Time resting spent in this place.
 E = Time spent auto-exploring this place.
 F = Levels seen in this place.
 G = Mean time per level.
                   A        B        C        D        E       F      G
               +--------+--------+--------+--------+--------+-----+--------+
         Total |  26714 |  23939 |   2775 |   4887 |  12069 |  20 | 1335.7 |
       Dungeon |  16891 |  15221 |   1670 |   3615 |   7855 |  11 | 1535.5 |
        Temple |    186 |    181 |      5 |      0 |    180 |   1 |  186.0 |
          Lair |   8204 |   7224 |    980 |   1228 |   3312 |   6 | 1367.3 |
     Snake Pit |   1125 |   1006 |    119 |      0 |    647 |   1 | 1125.0 |
       Volcano |    305 |    305 |      0 |     43 |     75 |   1 |  305.0 |
               +--------+--------+--------+--------+--------+-----+--------+

Top non-repeatable levels by time:
     D:7: 2619 daAuts
     D:4: 2317 daAuts
     D:3: 1868 daAuts
     D:9: 1619 daAuts
  Lair:6: 1594 daAuts
  Lair:5: 1483 daAuts
  Lair:1: 1422 daAuts
  Lair:2: 1420 daAuts
     D:8: 1328 daAuts
     D:5: 1296 daAuts
    D:10: 1285 daAuts
     D:6: 1261 daAuts
     D:1: 1261 daAuts
  Lair:4: 1178 daAuts
     D:2: 1134 daAuts
